 Dungeon Crawl Stone Soup version 0.31-a0-819-gf6de2f5ab6 (webtiles) character file.

Game seed: 8609689589784975922

26 qw the Shooter (level 3, -4/21 HPs)
             Began as a Gargoyle Hunter on Sept 23, 2023.
             Slain by an orc
             ... wielding a +0 war axe
              (6 damage)
             ... on level 1 of the Dungeon.
             The game lasted 00:00:17 (527 turns).

qw the Shooter (Gargoyle Hunter)                     Turns: 527, Time: 00:00:18

Health: -4/21      AC:  6    Str: 14    XL:     3   Next: 8%
Magic:  3/3        EV: 11    Int:  9    God:
Gold:   35         SH:  0    Dex: 15    Spells: 2/2 levels left

rFire   . . .        Y - +1 longbow (drain)
rCold   . . .        (shield currently unavailable)
rNeg    + . .        c - +0 leather armour
rPois   inf          (no helmet)
rElec   +            (no cloak)
rCorr   .            (no gloves)
SInv    .            (no boots)
Will    .....        (no amulet)
Stlth   ++           (no ring)
HPRegen 0.23/turn    (no ring)
MPRegen 0.08/turn

%: no passive effects
@: no status effects
A: sickness immunity, AC +3, negative energy resistance 1, electricity
resistance, torment resistance 1, petrification resistance
a: no special abilities


You were on level 1 of the Dungeon.
You visited 1 branch of the dungeon, and saw 2 of its levels.

You collected 35 gold pieces.


Innate Abilities, Weirdness & Mutations

You are immune to sickness and miasma.
Your stone body is resilient. (AC +3)
You are immune to poison.
You resist negative energy. (rN+)
You are resistant to electric shocks. (rElec)
You are resistant to unholy torment.
You are immune to petrification.


   Skills:
 - Level 2.1 Fighting
 + Level 4.9 Ranged Weapons
 - Level 1.5 Dodging
 - Level 1.1 Stealth


You had 2 spell levels left.
You didn't know any spells.
Your spell library was empty.

Inventory:

Hand Weapons
 Y - a +1 longbow of draining (weapon)
Armour
 c - a +0 leather armour (worn)

Dungeon Overview and Level Annotations

Branches:
Dungeon (2/15)

Altars:


Message History

a - a +1 longbow of draining (weapon)
501 ||| DROPPING +0 shortbow.
You drop a +0 shortbow.
Done exploring.
502 ||| READING scroll labelled VUUFER GUKUD.
As you read the scroll labelled VUUFER GUKUD, it crumbles to dust.
You feel strangely unstable.
It was a scroll of teleportation.
You start waiting.
Your surroundings suddenly seem different.
Done exploring.
505 ||| DROPPING scroll of butterflies.
You drop a scroll of butterflies.
Done exploring.
What level of the Dungeon? (default 1, ? - help)
There is a stone staircase leading down here.
You climb downwards.
The endoplasm quivers.
The orc wizard shouts!
The orc shouts! x2
There is a stone staircase leading up here.
There are monsters nearby!
Waypoint 1 assigned to D:2.
524 |||
Found retreat position at -1,0 (orc; floor) with 0 blocking monsters and 2 monsters attacking at destination at distance 1
524 ||| STAIRDANCE The orc shouts!
The endoplasm freezes you.
You are frozen.
The orc hits you with a +0 mace. The orc priest hits you with a +0 mace.
The orc closely misses you.
You climb upwards.
There is a stone staircase leading down here.
You shoot an arrow. The arrow hits the orc priest.
The orc priest is heavily wounded.
The orc barely misses you. The orc priest hits you with a +0 mace.
The endoplasm hits you but does no damage.
You shoot an arrow.
The arrow hits the orc priest but does no damage.
You drain the orc priest.
The orc priest is heavily wounded.
The orc hits you with a +0 war axe.
The orc priest hits you but does no damage.
The endoplasm freezes you.
You are frozen.
The orc hits you with a +0 war axe.
You die...

## #.?..###.#.# .#
#....'...#.# .#
#....#####.##########
.# #....#
#.##.......# .#
#....# #.##)#####.#
.# ####.#####.##.#
#.# .# ###.##....##.#
#.#
%####...##.###.#.#
#.#
.'..'..........o@###
#.#
.####......###..Jo.#
#.# .#
#....#.###.###.# #.#
## ##.#.##.....# #.#
#.# ###..##########
#.# #.# ##...## #.#
#.# ...### #.###.#
#### #.....# #
#######


You could see an orc priest (very drained), an orc and an endoplasm.

Vanquished Creatures
  A dart slug (D:1)
  4 endoplasms (D:1)
  A goblin (D:1)
  4 jackals (D:1)
  A quokka (D:1)
  A ball python (D:1)
  2 bats (D:1)
  3 frilled lizards (D:1)
  2 kobolds (D:1)
  5 rats (D:1)
24 creatures vanquished.

Notes
Turn   | Place    | Note
-------+----------+-------------------------------------------
     0 | D:1      | qw the Gargoyle Hunter began the quest for the Orb.
     0 | D:1      | Reached XP level 1. HP: 12/12 MP: 1/1
     0 | D:1      | 0 ||| qw: Version: 0.3-a-83-gcd0e7d8
     0 | D:1      | 0 ||| qw: Game counter: 1369
     0 | D:1      | 0 ||| qw: Melee chars always use a shield: true
     0 | D:1      | 0 ||| qw: God list: Okawaru
     0 | D:1      | 0 ||| qw: Allow faded altars: false
     0 | D:1      | 0 ||| qw: Do Orc after clearing Dungeon:15 true
     0 | D:1      | 0 ||| qw: Do second Lair branch before Depths: true
     0 | D:1      | 0 ||| qw: Lair rune preference: random
     0 | D:1      | 0 ||| qw: Goals: Normal
     0 | D:1      | 0 ||| PLANNING D:1-11
   149 | D:1      | Reached XP level 2. HP: 17/17 MP: 2/2
   181 | D:1      | Found a faded altar of an unknown god.
   420 | D:1      | Reached XP level 3. HP: 21/21 MP: 3/3
   495 | D:1      | 495 ||| DROPPING ring of wizardry.
   496 | D:1      | 496 ||| DROPPING ring of magical power.
   497 | D:1      | 497 ||| READING scroll labelled NOGECO SOCANIX.
   498 | D:1      | 498 ||| READING scroll labelled KOP ZORUDOA.
   498 | D:1      | Identified a scroll of acquirement
   498 | D:1      | 498 ||| ACQUIRING +1 longbow of draining
   498 | D:1      | Acquired a +1 longbow of draining
   500 | D:1      | 500 ||| SWAPPING to +1 longbow of draining.
   501 | D:1      | 501 ||| DROPPING +0 shortbow.
   502 | D:1      | 502 ||| READING scroll labelled VUUFER GUKUD.
   505 | D:1      | 505 ||| DROPPING scroll of butterflies.
   524 | D:2      | 524 ||| STAIRDANCE
   527 | D:1      | HP: 4/21 [orc/+0 war axe (4)]
   527 | D:1      | Slain by an orc

Levels and vault maps discovered:
D:1:      dpeg_arrival_short_road, layout_basic,
          shapermc_ecumenical_altar_totnotflames
D:2:      layout_basic, minmay_unequal

Action                     || total
---------------------------++-------
   Fire: Shortbow          ||    67
         Longbow           ||     2
    Use: Scroll            ||     3
 Armour: Leather armour    ||    26
  Dodge: Dodged            ||    28

Table legend:
 A = Non-vault XP
 B = Vault XP
 C = Vault XP percentage of total XP
 D = Non-vault monster count
 E = Vault monster count
 F = Vault count percentage of total count
                 A         B        C        D         E       F
            +---------+---------+-------+---------+---------+-------
      Total |      38 |       0 |   0.0 |      24 |       0 |   0.0
            +---------+---------+-------+---------+---------+-------
        D:1 |      38 |       0 |   0.0 |      24 |       0 |   0.0
            +---------+---------+-------+---------+---------+-------
